 Dungeon Crawl Stone Soup version 0.31-a0-1074-g0b22e4e0f1 (webtiles) character file.

Game seed: 15173053540652572587

37566 jlumianski the Grappler (level 13, -2/151 HPs)
             Began as a Gnoll Shapeshifter on Dec 2, 2023.
             Was a High Priest of Wu Jian.
             Killed from afar by a ynoxinul (20 damage)
             ... with an iron shot
             ... summoned by an orc sorcerer
             ... led by an orc knight
             ... on level 2 of the Orcish Mines.
             The game lasted 01:57:39 (17734 turns).

jlumianski the Grappler (Gnoll Shapeshifter)       Turns: 17734, Time: 01:57:39

Health: -2/151     AC: 30    Str: 22      XL:     13   Next: 97%
Magic:  21/25      EV:  2    Int:  9 (10) God:    Wu Jian [*****.]
Gold:   1140       SH:  0    Dex: 11      Spells: 13/29 levels left

rFire   . .          .
                       - Unarmed
rCold   . . .        (no shield)
rNeg    . . .        y - melded +4 ring mail of Xear {Int+2 SInv}
rPois   +            q - melded +0 helmet
rElec   .            R - melded +2 cloak
rCorr   .            D - melded +2 pair of gloves {hurl}
SInv    .            I - melded +0 pair of boots
Will    .....        Y - amulet of the acrobat
Stlth   ++++         N - ring "Ulakurph" {EV+5 Str+3}
HPRegen 0.45/turn    M - +4 ring of protection
MPRegen 0.19/turn

%: acrobat
@: tree-form
A: stationary, stasis, torment immunity, boosted hp, (fangs 1), strong nose,
distributed training
a: Renounce Religion, Wall Jump, Serpent's Lash, Heavenly Storm


You were on level 2 of the Orcish Mines.
You worshipped Wu Jian.
Wu Jian was extremely pleased with you.
You were a tree.
You visited 3 branches of the dungeon, and saw 16 of its levels.

You collected 2628 gold pieces.
You spent 1488 gold pieces at shops.

Inventory:

Hand Weapons
 b - a +2 dagger of holy wrath
 F - the +7 quarterstaff of Moderation {antimagic, rN++ Int+2}
   (You found it on level 6 of the Dungeon)

   Int+2:     It affects your intelligence (+2).
   rN++:      It greatly protects you from negative energy.
 J - a +6 demon blade
Missiles
 a - 4 boomerangs
Armour
 e - a +4 chain mail of willpower
 q - a +0 helmet (melded)
 y - the +4 ring mail of Xear (melded) {Int+2 SInv}
   (You found it on level 4 of the Dungeon)

   Int+2:     It affects your intelligence (+2).
   SInv:      It lets you see invisible.
 D - a +2 pair of gloves of hurling (melded)
 I - a +0 pair of boots (melded)
 R - a +2 cloak (melded)
Jewellery
 o - a ring of protection from cold
 w - a ring of flight
 L - a ring of fire
 M - a +4 ring of protection (right branch)
 N - the ring "Ulakurph" (left branch) {EV+5 Str+3}
   (You bought it in a shop on level 8 of the Dungeon)

   [ring of evasion]

   EV+5:      It affects your evasion (+5).
   Str+3:     It affects your strength (+3).
 Y - an amulet of the acrobat (around neck)
Talismans
 c - a beast talisman
 d - a flux talisman (active)
Wands
 h - a wand of polymorph (5)
 r - a wand of mindburst (4)
 H - a wand of quicksilver (4)
 S - a wand of charming (12)
 U - a wand of roots (22)
Scrolls
 k - a scroll of fog
 p - 3 scrolls of teleportation
 B - a scroll of butterflies
 G - a scroll of torment
 K - 2 scrolls of blinking
 T - a scroll of vulnerability {unknown}
 V - 2 scrolls of poison {unknown}
Potions
 f - 2 potions of attraction
 i - 3 potions of invisibility
 j - a potion of haste
 t - 2 potions of ambrosia
 P - a potion of lignification


   Skills:
 + Level 9.3 Fighting
 + Level 8.9 Short Blades
 + Level 8.9 Long Blades
 + Level 8.9 Axes
 + Level 8.9 Maces & Flails
 + Level 8.9 Polearms
 + Level 8.9 Staves
 + Level 8.9 Ranged Weapons
 + Level 8.9 Throwing
 + Level 8.9 Armour
 + Level 10.1 Dodging
 + Level 8.9 Stealth
 + Level 8.9 Shields
 + Level 11.1 Unarmed Combat
 + Level 8.9 Spellcasting
 + Level 7.4 Conjurations
 + Level 7.4 Hexes
 + Level 7.4 Summonings
 + Level 7.4 Necromancy
 + Level 7.4 Translocations
 + Level 7.4 Transmutations
 + Level 7.4 Fire Magic
 + Level 7.4 Ice Magic
 + Level 7.4 Air Magic
 + Level 7.4 Earth Magic
 + Level 7.4 Poison Magic
 + Level 9.7 Invocations
 + Level 8.9 Evocations
 + Level 10.5 Shapeshifting


You had 13 spell levels left.
You knew the following spells:

 Your Spells              Type           Power      Damage    Failure   Level
a - Blink                 Tloc           34%        N/A       1%          2
b - Summon Small Mammal   Summ           68%        N/A       1%          1
c - Call Canine Familiar  Summ           17%        N/A       2%          3
d - Dazzling Flash        Conj/Hex       34%        N/A       2%          3
e - Summon Guardian Gole  Hex/Summ       17%        N/A       2%          3
f - Manifold Assault      Tloc           17%        N/A       8%          4

Your spell library contained the following spells:

 Spells                   Type           Power      Damage    Failure   Level
 Ozocubu's Armour         Ice            17%        N/A       2%          3
 Leda's Liquefaction      Hex/Erth       8%         N/A       8%          4
 Agony                    Necr           17%        N/A       22%         5
 Alistair's Intoxication  Tmut/Pois      11%        N/A       22%         5
 Borgnjor's Vile Clutch   Necr/Erth      8%         N/A       22%         5
 Lee's Rapid Deconstruct  Erth           8%         3d7*      22%         5
 Metabolic Englaciation   Hex/Ice        8%         N/A       22%         5
 Silence                  Hex/Air        8%         N/A       22%         5
 Bombard                  Conj/Erth      8%         9d2       75%         6
 Eringya's Noxious Bog    Tmut/Pois      8%         4d6       75%         6
 Simulacrum               Ice/Necr       8%         N/A       75%         6


Dungeon Overview and Level Annotations

Branches:
Dungeon (13/15)            Temple (0/1) D:6            Lair (1/5) D:8
    Orc (2/2) D:12            Elf (0/3) Orc:2
 Vaults: D:13-14

Altars:
Cheibriados
Dithmenos
Elyvilon
Fedhas
Gozag
Hepliaklqana
Makhleb
Qazlal
Trog
Uskayaw
Vehumet
Wu Jian
Zin

Shops:
D:2 :   D:4 :   D:8 =   Orc:1 [*   Orc:2 *::(

Portals:
Abyss: D:8

Annotations:
D:3 2 transporters, PowderKeg's ghost, amateur DgHu
D:8 2 transporters, sammy202020's ghost, novice MiFi
D:11 2 transporters, jlumianski's ghost, journeyman GnSh


Innate Abilities, Weirdness & Mutations

You are a tree.
Your roots penetrate the ground, keeping you stationary.
You cannot be teleported.
You are immune to unholy pain and torment.
Your maximum health is greatly increased.
Your equipment is partially melded.
((You have very sharp teeth.))
Your uncanny sense of smell can sniff out nearby items.
Your experience applies equally to all skills.


Message History

The ufetubus completely misses you. x2; The orc sorcerer completely misses you.
The ufetubus closely misses you. The ufetubus barely misses you.
You miss the orc sorcerer. The chaos spawn barely misses you.
The orc sorcerer hits you but does no damage.
The ufetubus barely misses you. The ufetubus misses you.
You punch the orc sorcerer!
The orc sorcerer begins to glow.
You bite the orc sorcerer, but do no damage.
The orc sorcerer is moderately wounded.
The ynoxinul gestures.
The chaos spawn hits you but does no damage.
The ufetubus hits you but does no damage. x2
The orc hits you with a +0 hand axe.
The orc sorcerer gestures at you while chanting.
The bolt of fire hits you!!
* * * LOW HITPOINT WARNING * * *
The bolt of fire hits the orc!
The orc dies!
You barely miss the orc sorcerer.
You bite the orc sorcerer, but do no damage.
The orc sorcerer is moderately wounded.
The ufetubus closely misses you. The ufetubus misses you.
The chaos spawn misses you.
Your transformation has ended.
You turn into a tree.
Your +2 cloak melds into your body.
Your +0 helmet melds into your body.
Your +2 pair of gloves of hurling melds into your body.
Your +0 pair of boots melds into your body.
The +4 ring mail of Xear {Int+2 SInv} melds into your body.
Your aim is not that steady anymore.
Your roots penetrate the ground.
The ynoxinul disappears in a puff of smoke!
The ufetubus disappears in a puff of smoke!
The orc sorcerer hits you with a +0 dagger.
* * * LOW HITPOINT WARNING * * *
The chaos spawn gores you but does no damage.
You hit the orc sorcerer but do no damage.
The orc sorcerer is moderately wounded.
The orc sorcerer hits you but does no damage.
The ynoxinul gestures at you. The iron shot hits you!!
You die...

##....#
###.........#.....#
#.#...........#'#)####
............###.#.....
.........###...##....
##..3....'...⌠..#....
#.....)..##.⌠∩⌠.##...
##.##o....#..⌠...'...
##.#.§4♣#)...##...###...
#.....)...3...#.###.....
#...........).#'#.......
#.......................
#........................
##.......................
#........................
##.##...............#....
.................##.....


You could see a ynoxinul (summoned), a chaos spawn (summoned) and an orc
sorcerer (strong, contam).

Vanquished Creatures
  Saint Roka (Orc:1)
  2 orc warlords
  Erolcha (D:10)
  A boulder beetle (D:11)
  3 two-headed ogres
  2 orc high priests
  3 skeletal warriors (D:10)
  6 orc knights
  Pikel (D:7)
  An ugly thing (D:12)
  2 orc sorcerers (Orc:2)
  Maurice (D:10)
  A cyclops (D:11)
  An elephant (D:8)
  A black mamba (Lair:1)
  Joseph (D:10)
  A manticore (D:13)
  A kobold demonologist (D:12)
  3 komodo dragons
  4 trolls
  Sigmund (D:2)
  5 shadows
  11 slime creatures
  3 wraiths
  4 vampires
  2 steam dragons
  8 yaks
  2 wargs
  Edmund (D:5)
  2 acid dragons
  30 orc warriors
  A water moccasin (Lair:1)
  2 ice beasts
  A black bear (D:8)
  14 ogres
  A phantom (D:5)
  7 centaurs
  2 kobold brigands
  A gnoll sergeant (D:5)
  4 scorpions
  9 wights
  2 killer bees (D:11)
  6 electric eels (D:9)
  6 howler monkeys
  5 centaur zombies (D:10)
  Crazy Yiuf (D:7)
  A jelly (D:4)
  A sleepcap (D:5)
  4 iguanas
  20 orc priests
  Terence (D:3)
  24 orc wizards
  Robin (D:2)
  16 gnolls
  7 adders
  A shadow imp (D:6)
  A white imp (D:6)
  4 ufetubi
  A worm (D:2)
  3 dart slugs
  72 orcs
  8 endoplasms
  4 giant cockroaches
  12 goblins
  7 hobgoblins
  4 jackals (D:3)
  13 kobolds
  2 quokkas
  11 ball pythons
  13 bats
  2 frilled lizards
  6 rats
407 creatures vanquished.

Vanquished Creatures (collateral kills)
  A cyclops (D:10)
  A wraith (D:10)
  An acid dragon (D:10)
  2 killer bees (D:11)
  2 orc wizards (Orc:2)
  5 orcs
12 creatures vanquished.

Vanquished Creatures (others)
  2 orc high priests
  2 skeletal warriors (D:10)
  2 slime creatures (D:12)
  An orc knight (Orc:1)
  An unseen horror (D:12)
  2 orc warriors (Orc:2)
  3 centaurs
  A killer bee (D:11)
  6 orcs
20 creatures vanquished.

Grand Total: 439 creatures vanquished

Notes
Turn   | Place    | Note
-------+----------+-------------------------------------------
     0 | D:1      | jlumianski the Gnoll Shapeshifter began the quest for the
                  | Orb.
     0 | D:1      | Reached XP level 1. HP: 17/17 MP: 1/1
   186 | D:2      | Reached XP level 2. HP: 18/23 MP: 2/2
   327 | D:2      | Noticed Sigmund
   454 | D:1      | Reached XP level 3. HP: 27/28 MP: 3/3
   802 | D:3      | Noticed Terence
   810 | D:3      | Killed Terence
   811 | D:3      | Reached skill level 1 in Short Blades
   811 | D:3      | Reached skill level 1 in Long Blades
   811 | D:3      | Reached skill level 1 in Axes
   811 | D:3      | Reached skill level 1 in Maces & Flails
   811 | D:3      | Reached skill level 1 in Polearms
   811 | D:3      | Reached skill level 1 in Staves
   811 | D:3      | Reached skill level 1 in Ranged Weapons
   811 | D:3      | Reached skill level 1 in Throwing
   811 | D:3      | Reached skill level 1 in Armour
   811 | D:3      | Reached skill level 1 in Stealth
   811 | D:3      | Reached skill level 1 in Shields
   811 | D:3      | Reached skill level 1 in Spellcasting
   811 | D:3      | Reached skill level 1 in Invocations
   811 | D:3      | Reached skill level 1 in Evocations
   882 | D:3      | Noticed Robin
   894 | D:3      | Reached XP level 4. HP: 33/34 MP: 5/5
   985 | D:2      | Killed Robin
  1140 | D:2      | Reached skill level 1 in Conjurations
  1140 | D:2      | Reached skill level 1 in Hexes
  1140 | D:2      | Reached skill level 1 in Summonings
  1140 | D:2      | Reached skill level 1 in Necromancy
  1140 | D:2      | Reached skill level 1 in Translocations
  1140 | D:2      | Reached skill level 1 in Transmutations
  1140 | D:2      | Reached skill level 1 in Fire Magic
  1140 | D:2      | Reached skill level 1 in Ice Magic
  1140 | D:2      | Reached skill level 1 in Air Magic
  1140 | D:2      | Reached skill level 1 in Earth Magic
  1140 | D:2      | Reached skill level 1 in Poison Magic
  1174 | D:2      | Killed Sigmund
  1175 | D:2      | Reached XP level 5. HP: 26/41 MP: 5/7
  1175 | D:2      | Reached XP level 6. HP: 30/47 MP: 5/8
  1370 | D:2      | Found Riczegh's Book Shoppe.
  1378 | D:2      | Found a bloodstained altar of Trog.
  1435 | D:3      | Identified the +0 robe of the Equator {Drain rElec Int+2
                  | Dex+5}
  1486 | D:4      | Reached skill level 5 in Dodging
  1887 | D:3      | Found a transporter.
  1887 | D:3      | Noticed PowderKeg's ghost (amateur DgHu)
  1918 | D:3      | Found a transporter.
  1954 | D:3      | Found an ornate altar of the Wu Jian Council.
  1959 | D:3      | Noticed a spectral centipede
  1959 | D:3      | Noticed a spectral black mamba
  1959 | D:3      | Noticed a spectral cane toad
  1960 | D:3      | Became a worshipper of the Wu Jian Council
  2034 | D:3      | Reached XP level 7. HP: 13/52 MP: 10/10
  2336 | D:3      | Reached skill level 7 in Unarmed Combat
  2647 | D:4      | Found Voilust's Book Boutique.
  2657 | D:4      | Identified the +4 ring mail of Xear {Int+2 SInv}
  2735 | D:4      | Reached * piety under Wu Jian
  3313 | D:3      | Found a snail-covered altar of Cheibriados.
  3651 | D:5      | Entered Level 5 of the Dungeon
  3818 | D:5      | Reached XP level 8. HP: 18/60 MP: 12/12
  4160 | D:4      | Found a shadowy altar of Dithmenos.
  4385 | D:4      | Reached ** piety under Wu Jian
  4610 | D:5      | Noticed Edmund
  4625 | D:5      | Killed Edmund
  4663 | D:5      | Identified a scroll of acquirement
  4664 | D:5      | Acquired 999 gold pieces
  4781 | D:5      | Reached XP level 9. HP: 56/66 MP: 14/14
  5095 | D:6      | Identified the +7 quarterstaff of Moderation {antimagic,
                  | rN++ Int+2}
  5273 | D:7      | Found an opulent altar of Gozag.
  5354 | D:6      | Found a staircase to the Ecumenical Temple.
  5371 | D:6      | Found a bloodstained altar of Trog.
  5718 | D:4      | Bought an Inescapable Atlas for 160 gold pieces
  5721 | D:4      | Learned a level 2 spell: Blink
  5721 | D:4      | Bought a book of Callings for 200 gold pieces
  6108 | D:7      | Reached skill level 5 in Fighting
  6140 | D:7      | Learned a level 1 spell: Summon Small Mammal
  6161 | D:7      | Found a radiant altar of Vehumet.
  6330 | D:7      | Reached *** piety under Wu Jian
  6331 | D:7      | Reached skill level 8 in Unarmed Combat
  6373 | D:7      | Noticed Pikel
  6397 | D:7      | Killed Pikel
  6398 | D:7      | Reached skill level 5 in Invocations
  6728 | D:8      | Found Gez Leol's Jewellery Emporium.
  6731 | D:8      | Bought a +4 ring of protection for 360 gold pieces
  6731 | D:8      | Bought the ring "Ulakurph" {EV+5 Str+3} for 493 gold pieces
  6831 | D:7      | Reached XP level 10. HP: 75/75 MP: 17/17
  7057 | D:7      | Found a runed translucent door.
  7058 | D:7      | Noticed Crazy Yiuf
  7066 | D:7      | Killed Crazy Yiuf
  7312 | D:8      | Found a burning altar of Makhleb.
  7344 | D:9      | Reached skill level 5 in Short Blades
  7344 | D:9      | Reached skill level 5 in Long Blades
  7344 | D:9      | Reached skill level 5 in Axes
  7344 | D:9      | Reached skill level 5 in Maces & Flails
  7344 | D:9      | Reached skill level 5 in Polearms
  7344 | D:9      | Reached skill level 5 in Staves
  7344 | D:9      | Reached skill level 5 in Ranged Weapons
  7344 | D:9      | Reached skill level 5 in Throwing
  7344 | D:9      | Reached skill level 5 in Armour
  7344 | D:9      | Reached skill level 5 in Stealth
  7344 | D:9      | Reached skill level 5 in Shields
  7344 | D:9      | Reached skill level 5 in Spellcasting
  7344 | D:9      | Reached skill level 5 in Evocations
  7458 | D:10     | Entered Level 10 of the Dungeon
  7464 | D:10     | Noticed a cyclops
  7672 | D:8      | Found a transporter.
  7680 | D:8      | Found a transporter.
  7689 | D:8      | Found a one-way gate to the infinite horrors of the Abyss.
  7689 | D:8      | Noticed sammy202020's ghost (novice MiFi)
  7692 | D:8      | Noticed a toenail golem
  8120 | D:8      | Found a staircase to the Lair.
  8120 | D:8      | Noticed an elephant
  8127 | D:8      | Killed an elephant
  8499 | D:9      | Learned a level 3 spell: Call Canine Familiar
  8503 | D:9      | Learned a level 3 spell: Dazzling Flash
  8507 | D:9      | Learned a level 3 spell: Summon Guardian Golem
  8520 | D:10     | Noticed Joseph
  8537 | D:10     | Killed Joseph
  8561 | D:10     | Killed a cyclops
  8966 | D:9      | Reached XP level 11. HP: 72/81 MP: 19/19
  9147 | D:9      | Reached skill level 9 in Unarmed Combat
  9204 | D:9      | Reached **** piety under Wu Jian
  9205 | D:9      | Reached skill level 5 in Conjurations
  9205 | D:9      | Reached skill level 5 in Hexes
  9205 | D:9      | Reached skill level 5 in Summonings
  9205 | D:9      | Reached skill level 5 in Necromancy
  9205 | D:9      | Reached skill level 5 in Translocations
  9205 | D:9      | Reached skill level 5 in Transmutations
  9205 | D:9      | Reached skill level 5 in Fire Magic
  9205 | D:9      | Reached skill level 5 in Ice Magic
  9205 | D:9      | Reached skill level 5 in Air Magic
  9205 | D:9      | Reached skill level 5 in Earth Magic
  9205 | D:9      | Reached skill level 5 in Poison Magic
  9853 | D:10     | Found a blossoming altar of Fedhas.
 10031 | D:10     | Found a hide-covered altar of Uskayaw.
 10033 | D:10     | Found a white marble altar of Elyvilon.
 10048 | D:10     | Found a glowing silver altar of Zin.
 10096 | D:10     | Noticed Erolcha
 10109 | D:10     | Killed Erolcha
 10240 | D:10     | Found a stormy altar of Qazlal.
 10240 | D:10     | Found a hazy altar of Hepliaklqana.
 10260 | D:10     | Noticed a two-headed ogre
 10293 | D:10     | Killed a two-headed ogre
 10403 | D:10     | Noticed Maurice
 10415 | D:10     | Killed Maurice
 10949 | D:11     | Noticed a two-headed ogre
 10956 | D:11     | Killed a two-headed ogre
 10992 | D:11     | Noticed a moth of wrath
 10993 | D:11     | Noticed jlumianski's ghost (journeyman GnSh)
 11003 | D:11     | Found a transporter.
 11023 | D:11     | Found a transporter.
 11465 | D:11     | Identified the +1 robe "Kurgho Qydda" {Fly Archmagi}
 11467 | D:11     | Noticed a skeletal warrior
 11467 | D:11     | Noticed a skeletal warrior
 11468 | D:11     | Noticed a skeletal warrior
 11468 | D:11     | Noticed a skeletal warrior
 11551 | D:11     | Noticed a skeletal warrior
 11559 | D:10     | Killed a skeletal warrior
 11560 | D:10     | Reached XP level 12. HP: 74/91 MP: 8/22
 11775 | D:10     | HP: 1/91 [skeletal warrior/+0 halberd (14)]
 12433 | D:12     | Noticed a boulder beetle
 12510 | D:11     | Noticed a two-headed ogre
 12522 | D:11     | Killed a two-headed ogre
 12774 | D:11     | Reached skill level 10 in Unarmed Combat
 12897 | D:11     | Killed a boulder beetle
 13614 | D:12     | Found a staircase to the Orcish Mines.
 13627 | Orc:1    | Entered Level 1 of the Orcish Mines
 13867 | Orc:1    | Reached XP level 13. HP: 99/99 MP: 16/24
 14006 | Orc:1    | Found an ornate altar of the Wu Jian Council.
 14007 | Orc:1    | Found Adaomix's Armour Shoppe.
 14020 | Orc:1    | Learned a level 4 spell: Manifold Assault
 14033 | Orc:1    | Found Frhoth's Fabulous Fripperies.
 14084 | Orc:1    | Found a transporter.
 14096 | Orc:1    | Found a transporter.
 14103 | Orc:1    | Found a transporter.
 14123 | Orc:1    | Found a transporter.
 14124 | Orc:1    | Found an ornate altar of the Wu Jian Council.
 14124 | Orc:1    | Noticed an orc warlord
 14235 | Orc:1    | Killed an orc warlord
 14236 | Orc:1    | Reached skill level 10 in Shapeshifting
 14454 | Lair:1   | Entered Level 1 of the Lair of Beasts
 14781 | Orc:2    | Entered Level 2 of the Orcish Mines
 14781 | Orc:2    | Found a staircase to the Elven Halls.
 14889 | Orc:2    | Noticed Saint Roka
 14889 | Orc:2    | Reached ***** piety under Wu Jian
 15062 | Orc:2    | Found Disuben's Assorted Antiques.
 15065 | Orc:2    | Bought a scroll of blinking for 217 gold pieces
 15065 | Orc:2    | Bought a scroll of identify for 58 gold pieces
 15307 | Orc:1    | Killed Saint Roka
 15671 | Orc:2    | Found Xos Ija's Antique Weapon Shoppe.
 15692 | Orc:2    | Found Ciam's Book Boutique.
 16086 | Orc:2    | Noticed an orc warlord
 16102 | Orc:2    | Killed an orc warlord
 17408 | Orc:1    | Reached skill level 10 in Dodging
 17408 | Orc:1    | Reached skill level 11 in Unarmed Combat
 17654 | Orc:2    | Found Ojeyts's Book Shop.
 17734 | Orc:2    | Killed from afar by a ynoxinul

Illustrated notes

Levels and vault maps discovered:
D:1:      dpeg_arrival_round_a, layout_basic, kennysheep_flooded_box
D:2:      layout_basic, basic_altar, serial_shops, shop,
          minmay_misc_feat_ornament, minmay_pentomino_o4, uniq_sigmund
D:3:      layout_basic, kennysheep_slug_shrine,
          pdpol_wu_jian_five_deadly_venoms, gammafunk_ghost_arena,
          minmay_misc_feat_diagonals, roderic_batcave, uniq_terence, uniq_robin
D:4:      layout_basic, mainiacjoe_overflow_alcove_4, serial_shops, shop,
          chequers_avenue, chequers_serial_rivers_small_3
D:5:      layout_gridville, uniq_edmund
D:6:      layout_rooms, mainiacjoe_overflow_chevrons,
          minmay_temple_entry_overgrown
D:7:      layout_loops_corners, lemuel_crystal_altar,
          mainiacjoe_overflow_surrounded_room, uniq_crazy_yiuf_cottage,
          uniq_pikel
D:8:      layout_cave_pods, bloody_makhleb, grunt_lair_entry_orc_guard_hut,
          gammafunk_ghost_abyssal_escape, serial_shops,
          nicolae_shop_window_shopping
D:9:      layout_basic, nrook_pool_corridor, kennysheep_nub, kennysheep_boxes
D:10:     layout_layer_cave, mainiacjoe_overflow_catwalk, zin_treasury,
          nicolae_overflow_hidden_temple, serial_undead, serial_undead_e,
          serial_undead_d, serial_undead_a, serial_undead_b, st_stairs_13,
          uniq_joseph, uniq_maurice, uniq_erolcha
D:11:     layout_long_grid, gammafunk_ghost_berserking_beasts
D:12:     layout_basic, orc_0_dummy
D:13:     doesnt_quadruple_sword, layout_cross, erik_vaults_1,
          nicolae_tricolors, uniq_lodul, uniq_jorgrun
Lair:1:   layout_cave_pods
Orc:1:    dreamdust_wu_jian_sword_trials, layout_caves, serial_shops,
          nicolae_shop_rolling_square, basic_altar, nicolae_alphabet_shops
Orc:2:    st_orc_congregation, layout_caves, basic_altar, serial_shops,
          nicolae_shop_trees, nicolae_shop_rolling_square, nicolae_diamond_shop,
          nicolae_shop_real_fake_doors, nicolae_diamond_shop, uniq_saint_roka

Skill      XL: |  1  2  3  4  5  6  7  8  9 10 11 12 13 |
---------------+----------------------------------------+-----
Short Blades   | 1 2 3 4 5 7 8 |  8.9
Long Blades    | 1 2 3 4 5 7 8 |  8.9
Axes           | 1 2 3 4 5 7 8 |  8.9
Maces & Flails | 1 2 3 4 5 7 8 |  8.9
Polearms       | 1 2 3 4 5 7 8 |  8.9
Staves         | 1 2 3 4 5 7 8 |  8.9
Ranged Weapons | 1 2 3 4 5 7 8 |  8.9
Throwing       | 1 2 3 4 5 7 8 |  8.9
Armour         | 1 2 3 4 5 7 8 |  8.9
Stealth        | 1 2 3 4 5 7 8 |  8.9
Shields        | 1 2 3 4 5 7 8 |  8.9
Spellcasting   | 1 2 3 4 5 7 8 |  8.9
Invocations    | 1 2 3 4 5 6 7 8 9 |  9.7
Evocations     | 1 2 3 4 5 7 8 |  8.9
Conjurations   | 1 2 3 4 5 6 7 |  7.4
Hexes          | 1 2 3 4 5 6 7 |  7.4
Summonings     | 1 2 3 4 5 6 7 |  7.4
Necromancy     | 1 2 3 4 5 6 7 |  7.4
Translocations | 1 2 3 4 5 6 7 |  7.4
Transmutations | 1 2 3 4 5 6 7 |  7.4
Fire Magic     | 1 2 3 4 5 6 7 |  7.4
Ice Magic      | 1 2 3 4 5 6 7 |  7.4
Air Magic      | 1 2 3 4 5 6 7 |  7.4
Earth Magic    | 1 2 3 4 5 6 7 |  7.4
Poison Magic   | 1 2 3 4 5 6 7 |  7.4
Fighting       | 3 4 5 6 7 8 9 |  9.3
Dodging        | 5 6 7 8 9 10 | 10.1
Unarmed Combat | 7 8 9 10 11 | 11.1
Shapeshifting  | 7 8 9 10 | 10.5

Action                     |  1- 3 |  4- 6 |  7- 9 | 10-12 | 13-15 || total
---------------------------+-------+-------+-------+-------+-------++-------
  Melee: Unarmed           |    49 |   101 |   394 |   619 |   465 ||  1628
         Bite              |     2 |     2 |    50 |   101 |    75 ||   230
         Punch             |     3 |     3 |     6 |       |       ||    12
   Fire: Sling             |       |       |     5 |       |       ||     5
  Throw: Dart              |       |       |     4 |       |       ||     4
   Cast: Summon Small Mamm |       |       |     6 |    23 |     6 ||    35
         Blink             |       |       |     1 |     9 |     4 ||    14
         Call Canine Famil |       |       |       |    39 |    14 ||    53
         Summon Guardian G |       |       |       |    34 |    13 ||    47
         Dazzling Flash    |       |       |       |     5 |     3 ||     8
         Manifold Assault  |       |       |       |       |     3 ||     3
 Invoke: Serpent's Lash    |       |       |       |     1 |       ||     1
Ability: Lunge             |       |       |    51 |    41 |    36 ||   128
         Whirlwind         |       |       |    32 |    68 |    46 ||   146
         Wall Jump         |       |       |    32 |    39 |    28 ||    99
  Evoke: Wand              |       |       |       |     1 |     1 ||     2
    Use: Potion            |       |     2 |     1 |     3 |     4 ||    10
         Scroll            |       |       |     9 |     7 |     2 ||    18
   Stab: Sleeping          |       |       |     4 |       |       ||     4
         Distracted        |       |       |       |     1 |       ||     1
         Invisible         |       |       |       |     1 |       ||     1
 Armour: Leather armour    |    12 |       |       |       |       ||    12
         Animal skin       |     5 |       |       |       |       ||     5
         Chain mail        |     8 |    63 |       |       |       ||    71
         Ring mail         |     1 |       |   210 |   306 |   192 ||   709
         Skin              |       |     7 |       |       |     4 ||    11
  Dodge: Dodged            |    28 |    37 |   182 |   519 |   302 ||  1068
   Form: Flux              |       |       |     1 |       |       ||     1

Table legend: (Time is in decaauts)
 A = Elapsed time spent in this place.
 B = Non-inter-level travel time spent in this place.
 C = Inter-level travel time spent in this place.
 D = Time resting spent in this place.
 E = Time spent auto-exploring this place.
 F = Levels seen in this place.
 G = Mean time per level.
                   A        B        C        D        E       F      G
               +--------+--------+--------+--------+--------+-----+--------+
         Total |  17742 |  16868 |    874 |   3086 |   6986 |  16 | 1108.9 |
       Dungeon |  13918 |  13091 |    827 |   1857 |   6235 |  13 | 1070.6 |
          Lair |     46 |     46 |      0 |      0 |      0 |   1 |   46.0 |
  Orcish Mines |   3777 |   3731 |     46 |   1229 |    751 |   2 | 1888.5 |
               +--------+--------+--------+--------+--------+-----+--------+

Top non-repeatable levels by time:
   Orc:1: 2247 daAuts
    D:10: 2209 daAuts
   Orc:2: 1530 daAuts
     D:4: 1372 daAuts
     D:3: 1360 daAuts
     D:9: 1335 daAuts
    D:11: 1333 daAuts
     D:7: 1293 daAuts
     D:5: 1088 daAuts
     D:2: 949 daAuts
     D:8: 889 daAuts
    D:12: 745 daAuts
     D:6: 666 daAuts
     D:1: 584 daAuts
    D:13: 90 daAuts
